 Dungeon Crawl Stone Soup version 0.19-a0-1882-gbb73ea0 (webtiles) character file.

12886 PurpleRed the Arsonist (level 11, -2/193 HPs)
             Began as a Demigod Fire Elementalist on Oct 13, 2016.
             Slain by a wolf (6 damage)
             ... on level 4 of the Lair of Beasts on Oct 14, 2016.
             The game lasted 01:00:06 (4906 turns).

PurpleRed the Arsonist (Demigod Fire Elementalist)  Turns: 4906, Time: 01:00:07

Health: -2/193     AC: 25    Str: 16    XL:     11   Next: 41%
Magic:  4/28       EV:  2    Int: 25    God:
Gold:   475        SH:  0    Dex: 16    Spells: 4 memorised, 15 levels left

rFire  + + .     SeeInvis .     w - +4 scimitar (flame)
rCold  . . .     Gourm    .     (armour currently unavailable)
rNeg   + + +     Faith    .     (no shield)
rPois  +         Spirit   .     (helmet currently unavailable)
rElec  +         Dismiss  .     (cloak currently unavailable)
rCorr  +         Reflect  .     (gloves currently unavailable)
MR     +....     Harm     .     (boots currently unavailable)
Stlth  .......... NoTele   +    k - amulet of rage
                                n - +6 ring of evasion
                                B - ring of fire

@: berserking, lethally poisoned (-2 -> -11), tree-form, resistant, very
slightly contaminated, slowed
A: high mp 1
a: Evoke Berserk Rage


You were on level 4 of the Lair of Beasts.
You were not hungry.
You were a tree.
You visited 3 branches of the dungeon, and saw 17 of its levels.

You collected 475 gold pieces.

Inventory:

Hand Weapons
 u - a +4 trident of venom
 v - a +0 dagger of chaos
 w - a +4 scimitar of flaming (weapon)
Missiles
 r - 12 tomahawks (quivered)
Armour
 a - a +2 robe of fire resistance
 l - the +1 ring mail of Grottiness {*Corrode +Fly rC+++ Stlth-}
   (You found it on level 9 of the Dungeon)

   It renders you almost immune to cold.
   It lets you fly.
   It may corrode you when you take damage.
   It makes you less stealthy.
 q - a +2 robe of resistance (melded)
 z - a +1 pair of boots (melded)
Jewellery
 h - an uncursed ring of flight
 k - an amulet of rage (around neck)
 n - a +6 ring of evasion (right branch)
 B - a ring of fire (left branch)
Wands
 s - a wand of iceblast (0/15)
Scrolls
 f - 4 scrolls of remove curse
 i - a scroll of blinking
 p - 2 scrolls of amnesia
 y - 3 scrolls of recharging
Potions
 d - a potion of lignification
 e - 2 potions of flight
 j - 2 potions of heal wounds
 o - 3 potions of curing
 x - a potion of berserk rage
Comestibles
 b - a slice of pizza
 c - 8 bread rations
 g - 3 fruits
 t - 2 chunks of flesh
 A - 2 meat rations


   Skills:
 - Level 5.0 Fighting
 + Level 4.7 Dodging
 - Level 2.0 Stealth
 + Level 8.6 Spellcasting
 + Level 9.3 Conjurations
 + Level 9.7 Fire Magic


You had 15 spell levels left.
You knew the following spells:

 Your Spells              Type           Power        Failure   Level  Hunger
a - Flame Tongue          Conj/Fire      #####        1%          1    None
b - Throw Flame           Conj/Fire      ######       1%          2    None
c - Sticky Flame          Conj/Fire      ######..     1%          4    ##.....
d - Fireball              Conj/Fire      ######....   3%          5    ####...


Dungeon Overview and Level Annotations

Branches:
Dungeon (12/15)            Temple (1/1) D:7            Lair (4/6) D:8
    Orc (0/2) D:9
  Swamp: Lair:2-4    Shoals: Lair:2-4     Snake: Lair:2-4    Spider: Lair:2-4

Annotations:
D:11 Nergalle


Innate Abilities, Weirdness & Mutations

You have an increased reservoir of magic. (+10% MP)


Message History

The wolf completely misses you.
The torpor snail bites you but does no damage.
Being near the torpor snail leaves you feeling lethargic.
The spiny frog stings you!
* * * LOW HITPOINT WARNING * * *
The wolf bites you but does no damage.
You are too berserk!
Unknown command.
You completely miss the wolf.
The wolf is heavily wounded.
You feel yourself speed up.
* * * LOW HITPOINT WARNING * * *
You feel very sick. The wolf bites you.
* * * LOW HITPOINT WARNING * * *
The spiny frog stings you but does no damage.
The torpor snail barely misses you.
Being near the torpor snail leaves you feeling lethargic.
The wolf bites you.
You die...

#...........≈≈≈
##....####.###≈
##.....###
#..w....#
#..†.....##
##........#
###.....#.#
#Fhw......
##♣.......
#........
P........
##........
.....#..(
..#..$ ..
.###... . ..
####


You could see 2 torpor snails, a spiny frog and a wolf.

Vanquished Creatures
  Erica (D:9)
  A hill giant (D:9)
  2 ugly things (D:11)
  Psyche (D:8)
  A komodo dragon (D:12)
  2 spiny frogs
  2 two-headed ogres
  A troll (D:9)
  13 blink frogs (Lair:3)
  4 hippogriffs
  A spriggan (D:8)
  6 yaks
  A basilisk (Lair:3)
  4 water moccasins
  2 porcupines
  3 ice beasts
  6 orc warriors
  A phantom (D:9)
  3 black bears
  7 ogres
  A sky beast (D:9)
  2 necrophages
  3 wolves (Lair:4)
  A centaur (D:6)
  A big kobold (D:7)
  6 bullfrogs
  4 scorpions
  The ghost of Ultraviolent4 the Shield-Bearer, a weakling FoFi (D:4)
  4 howler monkeys
  2 crimson imps
  2 centaur zombies
  2 bullfrog zombies
  5 hounds
  2 jellies
  A bullfrog skeleton (D:11)
  A centaur skeleton (D:11)
  5 orc priests
  7 orc wizards
  3 iguanas
  6 worker ants
  A hound zombie (D:11)
  3 gnolls (D:4)
  A howler monkey skeleton (D:5)
  6 adders
  3 shadow imps
  An adder zombie (D:7)
  An adder skeleton (D:9)
  A leopard gecko (D:8)
  24 orcs
  A bat (D:2)
  A giant cockroach (D:5)
  2 hobgoblins
  4 jackals
  4 kobolds
  3 quokkas
  A jackal skeleton (D:4)
  A leopard gecko zombie (D:9)
  A quokka skeleton (D:5)
  A rat (D:3)
181 creatures vanquished.

Notes
Turn   | Place    | Note
-------+----------+-------------------------------------------
     0 | D:1      | PurpleRed the Demigod Fire Elementalist began the quest for the Orb.
     0 | D:1      | Reached XP level 1. HP: 14/14 MP: 5/5
   104 | D:2      | Reached skill level 1 in Conjurations
   144 | D:2      | Reached XP level 2. HP: 20/20 MP: 1/7
   223 | D:4      | Noticed an ogre
   243 | D:4      | Killed an ogre
   243 | D:4      | Reached XP level 3. HP: 16/26 MP: 2/9
   243 | D:4      | Reached XP level 4. HP: 21/33 MP: 2/10
   312 | D:4      | HP: 1/33 [poisoned by a worker ant]
   335 | D:4      | Learned a level 2 spell: Throw Flame
   340 | D:4      | Learned a level 4 spell: Sticky Flame
   399 | D:5      | Entered Level 5 of the Dungeon
   441 | D:4      | Reached XP level 5. HP: 32/38 MP: 7/12
   578 | D:4      | Noticed Ultraviolent4's ghost (weakling FoFi)
   595 | D:4      | Killed Ultraviolent4's ghost
   723 | D:4      | Noticed a sky beast
   779 | D:4      | Reached XP level 6. HP: 26/45 MP: 4/14
   915 | D:5      | Found a glowing golden altar of the Shining One.
  1237 | D:7      | Learned a level 5 spell: Fireball
  1285 | D:7      | Found a sparkling altar of Nemelex Xobeh.
  1362 | D:8      | Reached XP level 7. HP: 50/50 MP: 10/16
  1377 | D:7      | Found a staircase to the Ecumenical Temple.
  1388 | Temple   | Entered the Ecumenical Temple
  1419 | D:7      | Reached skill level 5 in Fire Magic
  1645 | D:8      | Noticed a spriggan baker
  1732 | D:9      | Reached skill level 5 in Conjurations
  1754 | D:8      | Killed a spriggan baker
  1754 | D:8      | Reached XP level 8. HP: 55/57 MP: 7/18
  1821 | D:8      | Noticed Psyche
  1883 | D:8      | Reached skill level 5 in Spellcasting
  2193 | D:8      | Killed Psyche
  2290 | D:8      | Found a staircase to the Lair.
  2380 | D:9      | Got a ruby-encrusted ring mail
  2393 | D:9      | Identified the +1 ring mail of Grottiness {*Corrode +Fly rC+++ Stlth-} (You found it on level 9 of the Dungeon)
  2407 | D:9      | Noticed a red ugly thing
  2522 | D:9      | Reached XP level 9. HP: 37/63 MP: 6/21
  2594 | D:9      | Reached skill level 1 in Fighting
  2672 | D:9      | Found a staircase to the Orcish Mines.
  2722 | D:9      | Noticed Erica
  2750 | D:9      | HP: 1/67 [Erica/orb of energy (30)]
  2752 | D:9      | Killed Erica
  3033 | D:9      | Noticed a hill giant
  3049 | D:9      | Killed a hill giant
  3210 | D:9      | Reached XP level 10. HP: 44/78 MP: 16/24
  3477 | D:10     | Entered Level 10 of the Dungeon
  3714 | D:11     | Noticed a purple ugly thing
  3729 | D:11     | Killed a purple ugly thing
  3751 | D:11     | Reached skill level 5 in Fighting
  3841 | D:11     | Noticed Nergalle
  3906 | D:11     | Noticed a cyan ugly thing
  3925 | D:11     | Killed a cyan ugly thing
  4192 | Lair:1   | Entered Level 1 of the Lair of Beasts
  4518 | Lair:3   | Reached XP level 11. HP: 61/86 MP: 22/27
  4898 | Lair:4   | Upgraded the game from 0.19-a0-1878-gcbc8a98 to 0.19-a0-1882-gbb73ea0
  4906 | Lair:4   | HP: 8/193 [poisoned by a spiny frog]
  4906 | Lair:4   | Slain by a wolf

Vault maps used:
D:1:      dpeg_arrival_tiny_e
D:2:      serial_park_tiny_pond, kennysheep_minor_cross
D:3:      minmay_lizard_king
D:5:      minmay_diamond_boxcup, first_bread, tso_metal_star
D:6:      minmay_misc_feat_tower, uniq_sigmund
D:7:      nemelex_spade_bored_becter
D:8:      lair_0_dummy, the_bakery, uniq_psyche, uniq_joseph,
          uniq_prince_ribbit1
D:9:      minmay_four_partial_circles, david_orc_4, uniq_erica
D:10:     nrook_mini_vaults, uniq_sonja
D:11:     kennysheep_generic_room_6, uniq_nergalle
D:12:     regret_index_bee_streams
Temple:   roderic_octagonal_lattice_temple
Lair:1:   bh_autumn_forest_stairs
Lair:2:   spider_nest_entry_webs, serial_bayou_pond_e
Lair:3:   swamp_mist_pool, serial_bayou_pond_c, st_stairs_6
Lair:4:   basic_altar, kennysheep_snail_temple, grunt_megastairs_5,
          infiniplex_staircase_pool_2

Skill      XL: |  1  2  3  4  5  6  7  8  9 10 11 |
---------------+----------------------------------+-----
Conjurations   | 1 2 3 4 5 6 7 8 9 |  9.3
Dodging        | 2 3 4 |  4.7
Stealth        | 2 |  2.0
Spellcasting   | 2 3 4 6 7 8 |  8.6
Fire Magic     | 3 4 5 7 8 9 |  9.7
Fighting       | 3 5 |  5.0

Action                   |  1- 3 |  4- 6 |  7- 9 | 10-12 || total
-------------------------+-------+-------+-------+-------++-------
Melee: Club              |     4 |    60 |    17 |       ||    81
       Dagger            |       |       |    65 |       ||    65
       Scimitar          |       |       |    17 |    66 ||    83
       Trident           |       |       |       |     4 ||     4
Throw: Tomahawk          |       |       |     2 |       ||     2
 Cast: Flame Tongue      |    12 |    37 |    57 |    48 ||   154
       Sticky Flame      |       |    11 |    38 |    47 ||    96
       Fireball          |       |       |     5 |     9 ||    14
 Abil: Evoke Berserk Rag |     1 |     5 |       |       ||     6
Evoke: Wand              |       |       |       |     5 ||     5
  Use: Potion            |       |     3 |     1 |     5 ||     9
       Scroll            |       |     5 |     3 |     8 ||    16
 Stab: Sleeping          |       |     3 |     3 |     3 ||     9
  Eat: Chunk             |       |     5 |    11 |    10 ||    26
       Bread ration      |       |     1 |       |       ||     1
       Royal jelly       |       |       |     1 |       ||     1
Armor: Robe              |     1 |     9 |    12 |    14 ||    36
       Skin              |       |       |       |    27 ||    27
Dodge: Dodged            |     7 |    80 |   125 |   141 ||   353
       Rpst.: Scimitar   |       |       |     7 |    36 ||    43
